 Dungeon Crawl Stone Soup version 0.30-a0-949-g53dc5368d7 (webtiles) character file.

Game seed: 7537288425453218627

58 DeathPants the Twirler (level 4, -3/23 HPs)
             Began as a Vine Stalker Gladiator on Mar 27, 2023.
             Slain by a gnoll
             ... wielding a +0 flail
              (7 damage)
             ... on level 1 of the Dungeon.
             The game lasted 00:02:37 (630 turns).

DeathPants the Twirler (Vine Stalker Gladiator)      Turns: 630, Time: 00:02:37

Health: -3/23      AC:  7    Str: 17    XL:     4   Next: 1%
Magic:  0/7        EV: 12    Int: 10    God:
Gold:   46         SH:  0    Dex: 15    Spells: 6/6 levels left

rFire   . . .      SeeInvis .    a - +0 quarterstaff
rCold   . . .      Faith    .    (shield currently unavailable)
rNeg    . . .      Spirit   +    b - +0 leather armour
rPois   .          Reflect  .    c - +0 helmet
rElec   .          Rampage  .    l - +2 cloak
rCorr   +                        (no gloves)
Will    .....                    (no boots)
Stlth   +                        (no amulet)
HPRegen 1.03/turn                o - ring of resist corrosion
MPRegen 0.10/turn                (no ring)

@: no status effects
A: fangs 2, regeneration 1, magic shield, antimagic bite, no potion heal 2
a: no special abilities


You were on level 1 of the Dungeon.
You visited 1 branch of the dungeon, and saw 2 of its levels.

You collected 46 gold pieces.

Inventory:

Hand Weapons
 a - a +0 quarterstaff (weapon)
Missiles
 d - 3 throwing nets (quivered)
 e - a javelin
 f - 2 poisoned darts
Armour
 b - a +0 leather armour (worn)
 c - a +0 helmet (worn)
 l - a +2 cloak (worn)
Jewellery
 o - a ring of resist corrosion (left hand)
Scrolls
 h - 2 scrolls of identify {unknown}
 i - a scroll of magic mapping {unknown}
 k - a scroll of enchant weapon {unknown}
 m - a scroll of teleportation {unknown}
Potions
 g - a potion of invisibility {unknown}
 j - a potion of degeneration {unknown}
 n - a potion of brilliance {unknown}


   Skills:
 + Level 2.4 Fighting
 * Level 3.6 Staves
 - Level 1.7 Throwing
 - Level 2.4 Dodging
 + Level 1.5 Spellcasting


You had 6 spell levels left.
You didn't know any spells.
Your spell library was empty.

Dungeon Overview and Level Annotations

Branches:
Dungeon (2/15)

Altars:


Innate Abilities, Weirdness & Mutations

You have extremely sharp teeth.
Your natural rate of healing is unusually fast.
When hurt, damage is shared between your health and your magic reserves.
Your bite disrupts and absorbs the magic of your enemies.
Potions cannot restore your health.


Message History

The gnoll barely misses you. The gnoll hits you but does no damage.
You barely miss the gnoll.
The gnoll is lightly wounded.
The gnoll barely misses you. The gnoll hits you with a +0 flail!
You hit the gnoll. Your bite misses the gnoll.
The gnoll is moderately wounded.
The gnoll misses you. The gnoll barely misses you.
You barely miss the gnoll. You bite the gnoll, but do no damage.
The gnoll is moderately wounded.
The gnoll closely misses you. The gnoll barely misses you.
You hit the gnoll. Your bite misses the gnoll.
The gnoll is severely wounded.
The gnoll hits you but does no damage. The gnoll hits you with a +0 flail.
You hit the gnoll but do no damage. Your bite misses the gnoll.
The gnoll is severely wounded.
The gnoll hits you with a +0 flail.
* * * LOW HITPOINT WARNING * * *
The gnoll barely misses you. x3
You see here a rat corpse.
The gnoll attacks as you move away! The gnoll hits you but does no damage.
The gnoll attacks as you move away! The gnoll misses you.
You sock the gnoll!
You kill the gnoll!
You have reached level 4!
You feel stronger.
You begin to heal more quickly.
The gnoll closely misses you.
Things that are here:
a +0 flail; a gnoll corpse You barely miss the gnoll.
Your bite misses the gnoll. The gnoll hits you with a +0 flail!
* * * LOW HITPOINT WARNING * * *
You hit the gnoll. Your bite misses the gnoll.
The gnoll is moderately wounded.
The gnoll hits you with a +0 flail.
* * * LOW HITPOINT WARNING * * *
You sock the gnoll!
The gnoll is severely wounded.
The gnoll hits you with a +0 flail!
You die...

# #....#..##.########.# #.#
######.#..##..........# #.#
..........############# #.#
######....# #.# ..# #...>#
#.# #.####..)## #.#
....##...# #.#
.........##################.#
#######.........@g.....†>.#.#
#.#################.#.#
#######......... #†#.#
........######## #.#.#
........# #.#.# ...†....#
#.#.# ........# #.#.#
........# #.#.# #########
#.#.#


You could see a gnoll.

Vanquished Creatures
  A gnoll (D:1)
  2 adders (D:1)
  5 endoplasms (D:1)
  A giant cockroach (D:1)
  3 hobgoblins
  4 jackals (D:1)
  5 quokkas (D:1)
  A frilled lizard (D:2)
  3 kobolds (D:1)
  A rat (D:1)
26 creatures vanquished.

Notes
Turn   | Place    | Note
-------+----------+-------------------------------------------
     0 | D:1      | DeathPants the Vine Stalker Gladiator began the quest for
                  | the Orb.
     0 | D:1      | Reached XP level 1. HP: 11/11 MP: 2/2
   129 | D:1      | Reached XP level 2. HP: 14/15 MP: 3/3
   217 | D:2      | Reached skill level 3 in Staves
   359 | D:1      | Reached skill level 1 in Spellcasting
   412 | D:1      | Reached XP level 3. HP: 18/18 MP: 5/5
   627 | D:1      | Gained mutation: Your natural rate of healing is unusually
                  | fast. [Vine Stalker growth]
   627 | D:1      | Reached XP level 4. HP: 8/23 MP: 2/7
   630 | D:1      | Slain by a gnoll

Illustrated notes

Levels and vault maps discovered:
D:1:      psy_arrival_terrarium, layout_basic
D:2:      cheibrodos_pilgrimage, layout_rooms, hellmonk_ecumenical_altar_blasted

Skill      XL: |  1  2 |
---------------+-------+-----
Fighting       | 2 |  2.4
Staves         | 3 |  3.6
Spellcasting   | 1 |  1.5
Throwing       | |  1.7
Dodging        | |  2.4

Action                     |  1- 3 |  4- 6 || total
---------------------------+-------+-------++-------
  Melee: Quarterstaff      |    76 |     3 ||    79
         Bite              |    18 |       ||    18
   Stab: Sleeping          |     1 |       ||     1
 Armour: Leather armour    |    30 |       ||    30
  Dodge: Dodged            |    77 |     1 ||    78

Table legend: (Time is in decaauts)
 A = Elapsed time spent in this place.
 B = Non-inter-level travel time spent in this place.
 C = Inter-level travel time spent in this place.
 D = Time resting spent in this place.
 E = Time spent auto-exploring this place.
 F = Levels seen in this place.
 G = Mean time per level.
                   A        B        C        D        E       F      G
               +--------+--------+--------+--------+--------+-----+--------+
         Total |    641 |    641 |      0 |      0 |    409 |   2 |  320.5 |
       Dungeon |    641 |    641 |      0 |      0 |    409 |   2 |  320.5 |
               +--------+--------+--------+--------+--------+-----+--------+

Top non-repeatable levels by time:
     D:1: 619 daAuts
     D:2: 21 daAuts
